 Dungeon Crawl Stone Soup version 0.29-a0-553-g81b289dbe5 (webtiles) character file.

Game seed: 4232206334966836919

7639 thriggle the Frost Mage (level 11, -7/83 HPs)
             Began as a Barachi Ice Elementalist on June 6, 2022.
             Was an Initiate of Gozag.
             Mangled by a wyvern (10 damage)
             ... on level 8 of the Dungeon.
             The game lasted 01:11:07 (13924 turns).

thriggle the Frost Mage (Barachi Ice Elementalist) Turns: 13924, Time: 01:11:09

Health: -7/83      AC: 18    Str: 17    XL:     11   Next: 18%
Magic:  3/20       EV: 14    Int: 17    God:    Gozag
Gold:   1274       SH:  0    Dex: 14    Spells: 8/22 levels left

rFire   . . .      SeeInvis .   x - +2 dagger (venom)
rCold   . . .      Faith    .   (no shield)
rNeg    . . .      Spirit   .   d - +1 leather armour
rPois   .          Reflect  .   n - +2 hat
rElec   .          Harm     .   F - +1 cloak
rCorr   .          Rampage  .   (no gloves)
Will    .....                   (no boots)
Stlth   +++.......              (no amulet)
HPRegen 0.23/turn               c - +6 ring of strength
MPRegen 0.17/turn               M - +4 ring of protection

@: ice-armoured, unable to hop, freezing walls, slow
A: amphibious, slowness 1, strong legs 1, +LOS
a: Hop, Renounce Religion, Potion Petition, Call Merchant, Bribe Branch


You were on level 8 of the Dungeon.
You worshipped Gozag.
Gozag was most pleased with you.
You visited 2 branches of the dungeon, and saw 10 of its levels.
You also visited: Bailey.

You collected 1603 gold pieces.
You spent 240 gold pieces at shops.
You paid 89 gold pieces to Gozag.

Inventory:

Hand Weapons
 v - the +3 spear of Haadi {flame, rF+ SInv}
   (You found it on level 3 of the Dungeon)

   It burns those it strikes, dealing additional fire damage.
   rF:        It protects you from fire.
   SInv:      It lets you see invisible.
 x - a +2 dagger of venom (weapon)
 C - a +2 demon whip of electrocution
 R - a +4 short sword
Missiles
 f - 4 javelins
 i - 3 silver javelins
 j - 25 poisoned darts (quivered)
 m - 316 stones
 q - 16 atropa-tipped darts
 s - 14 boomerangs
 E - a throwing net
Armour
 a - a +0 robe
 d - a +1 leather armour (worn)
 n - a +2 hat (worn)
 w - a +0 helmet
 F - a +1 cloak (worn)
Jewellery
 c - a +6 ring of strength (left hand)
 k - a ring of protection from cold
 t - a ring of fire
 M - a +4 ring of protection (right hand)
Wands
 K - a wand of charming (2)
 L - a wand of acid (8)
Scrolls
 e - 4 scrolls of noise
 o - 2 scrolls of vulnerability
 p - a scroll of fear
 u - a scroll of silence {unknown}
 A - 2 scrolls of blinking
 D - a scroll of torment
 G - a scroll of poison {unknown}
 N - a scroll of identify
 O - a scroll of enchant weapon {unknown}
 P - a scroll of enchant armour
Potions
 b - 4 potions of magic
 g - 4 potions of might
 h - a potion of ambrosia
 l - 4 potions of resistance
 r - 6 potions of flight
 z - 2 potions of lignification
 B - a potion of attraction
 H - a potion of heal wounds
 I - a potion of curing
 J - a potion of brilliance


   Skills:
 + Level 6.5 Fighting
 - Level 1.5(3.2) Short Blades
 + Level 4.9(5.0) Long Blades
 - Level 2.0 Polearms
 + Level 5.5 Throwing
 + Level 6.1 Armour
 + Level 6.5 Dodging
 + Level 6.1 Stealth
 + Level 6.1 Spellcasting
 + Level 5.1 Conjurations
 + Level 3.3 Hexes
 + Level 8.3 Ice Magic
 + Level 1.9 Evocations


You had 8 spell levels left.
You knew the following spells:

 Your Spells              Type           Power      Damage    Failure   Level
a - Freeze                Ice            100%       1d11      1%          1
b - Frozen Ramparts       Ice            66%        1d8       1%          3
c - Ozocubu's Armour      Ice            33%        N/A       1%          3
d - Hailstorm             Conj/Ice       28%        3d8       10%         4
e - Dazzling Flash        Conj/Hex       38%        N/A       8%          3

Your spell library contained the following spells:

 Spells                   Type           Power      Damage    Failure   Level
 Sublimation of Blood     Necr           5%         N/A       22%         2
 Iskenderun's Mystic Bla  Conj/Tloc      13%        2d5       45%         4
 Irradiate                Conj/Tmut      6%         3d15      82%         5
 Petrify                  Tmut/Erth      5%         N/A       83%         4
 Ozocubu's Refrigeration  Ice            16%        4d8       99%         7
 Starburst                Conj/Fire      6%         6d4       100%        6


Dungeon Overview and Level Annotations

Branches:
Dungeon (9/15)             Temple (1/1) D:5          Bailey (visited)
   Lair: D:8-11         Orc: D:9-12

Altars:
Ashenzari
Fedhas
Gozag
Makhleb
Okawaru
Qazlal
Ru
Sif Muna
Trog
Uskayaw
Xom
Yredelemnul

Shops:
D:7 !

Annotations:
D:2 Sigmund
D:4 2 transporters, samgaumpmail's ghost, novice MeFi
D:7 2 transporters


Innate Abilities, Weirdness & Mutations

You are amphibious.
You cover ground slowly.
You can hop short distances.
You have an extended range of vision and can be seen from far away.


Message History

The wyvern is heavily wounded.
The wyvern misses you. The wyvern misses you. The wyvern bites you!
* * * LOW HITPOINT WARNING * * *
Okay, then.
Unknown command.
There are monsters nearby!
You feel much better. The wyvern barely misses you.
The two-headed ogre misses you. The two-headed ogre barely misses you.
The wyvern bites you!
* * * LOW HITPOINT WARNING * * *
Your magical contamination has completely faded away.
You feel much better.
The wyvern bites you but does no damage.
The two-headed ogre completely misses you.
The two-headed ogre hits you with a +0 giant club!!
* * * LOW HITPOINT WARNING * * *
Hop to where?
Press: ? - help, Dir - move target Boing!
The wyvern looks more healthy.
The wyvern bites you!
* * * LOW HITPOINT WARNING * * *
There is a stone staircase leading up here.
The wyvern barely misses you.
The wyvern bites you but does no damage.
You climb upwards.
There is a stone staircase leading down, spattered with blood here.
Casting: Dazzling Flash (dangerous; 8% risk of failure)
Confirm with . or Enter, or press ? or * to list all spells.
A film of ice covers your body! The wyvern bites you!
* * * LOW HITPOINT WARNING * * *
Casting: Ozocubu's Armour (safe; 1% risk of failure)
Confirm with . or Enter, or press ? or * to list all spells.
Casting: Frozen Ramparts (safe; 1% risk of failure)
Press: ? - help, Dir - look around, f - activate A stone staircase leading down, spattered with blood.
The walls around you are covered in ice.
The wall freezes the wyvern.
The wyvern bites you!
You die...
Your body crumbles into a pile of gold.

######.###.#.## #
#.###.#..#####
#..##.##......
##.##.########
#.##..###
#..##...#####
##########.......#...
#....l.............##
###.@>.##........###
####...#.......####
###.............
####.......####
#...........###
#...#####.#...#
#..............
#...#####.##### #...#
#.)#


You could see a wyvern.

Vanquished Creatures
  2 vault guards (Bailey)
  A two-headed ogre (D:8)
  Pikel (D:4)
  Prince Ribbit (Bailey)
  A steam dragon (D:6)
  4 humans (Bailey)
  Grum (D:6)
  3 black bears
  A sky beast (D:6)
  2 ice beasts
  2 ogres
  A wolf (D:6)
  4 centaurs
  2 lemures (D:4)
  A phantom (D:6)
  2 kobold brigands
  3 gnoll sergeants
  9 bullfrogs
  A necrophage (D:8)
  3 scorpions
  4 wights (D:8)
  14 killer bees
  A crimson imp (D:6)
  2 orc priests
  10 hounds
  2 gnoll shamans (D:6)
  6 orc wizards
  Robin (D:3)
  9 adders
  36 gnolls
  A shadow imp (D:5)
  3 white imps
  31 orcs
  6 ball pythons
  4 endoplasms
  3 giant cockroaches
  43 goblins
  34 hobgoblins
  6 jackals
  40 kobolds
  4 quokkas
  5 bats
  4 frilled lizards
  6 rats
320 creatures vanquished.

Vanquished Creatures (others)
  57 plants
57 creatures vanquished.

Grand Total: 377 creatures vanquished

Notes
Turn   | Place    | Note
-------+----------+-------------------------------------------
     0 | D:1      | thriggle the Barachi Ice Elementalist began the quest for
                  | the Orb.
     0 | D:1      | Reached XP level 1. HP: 13/13 MP: 3/3
   161 | D:1      | Reached XP level 2. HP: 5/19 MP: 0/5
   444 | D:1      | Reached skill level 5 in Ice Magic
  1474 | D:2      | Reached XP level 3. HP: 16/25 MP: 6/6
  1478 | D:2      | Learned a level 3 spell: Frozen Ramparts
  1482 | D:2      | Learned a level 3 spell: Ozocubu's Armour
  1922 | D:2      | Reached XP level 4. HP: 18/31 MP: 5/8
  2029 | D:2      | Reached skill level 1 in Fighting
  2029 | D:2      | Reached skill level 1 in Short Blades
  2029 | D:2      | Reached skill level 1 in Throwing
  2459 | D:2      | Noticed Sigmund
  3150 | D:3      | Reached XP level 5. HP: 34/37 MP: 6/9
  3936 | D:3      | Identified the +3 spear of Haadi {flame, rF+ SInv}
  3942 | D:3      | Noticed Robin
  3988 | D:3      | Killed Robin
  4215 | D:4      | Noticed an ogre
  4228 | D:4      | Reached XP level 6. HP: 43/44 MP: 7/10
  4253 | D:4      | Reached skill level 1 in Armour
  4695 | D:4      | Reached skill level 1 in Polearms
  5159 | D:4      | Reached XP level 7. HP: 51/51 MP: 3/12
  5587 | D:4      | Found an iron altar of Okawaru.
  5745 | D:4      | Found a transporter.
  5748 | D:4      | Noticed samgaumpmail's ghost (novice MeFi)
  5748 | D:4      | Identified the +4 dire flail of Reason {freeze, rElec
                  | Dex+6}
  5754 | D:4      | Found a transporter.
  5904 | D:4      | Reached skill level 6 in Ice Magic
  5919 | D:4      | Learned a level 4 spell: Hailstorm
  6184 | D:4      | Noticed Pikel
  6360 | D:4      | Killed Pikel
  6361 | D:4      | Reached skill level 1 in Conjurations
  6361 | D:4      | Reached XP level 8. HP: 17/60 MP: 11/14
  6631 | D:5      | Entered Level 5 of the Dungeon
  7036 | D:5      | Found a staircase to the Ecumenical Temple.
  7267 | Temple   | Entered the Ecumenical Temple
  7339 | Temple   | Became a worshipper of Gozag Ym Sagoz the Greedy
  7591 | D:5      | Found a sacrificial altar of Ru.
  8651 | D:6      | Reached XP level 9. HP: 45/66 MP: 9/15
  9079 | D:5      | Reached skill level 5 in Dodging
  9246 | D:6      | Reached skill level 7 in Ice Magic
  9346 | D:6      | Noticed Grum
  9371 | D:6      | Killed Grum
  9895 | D:6      | Reached skill level 5 in Spellcasting
  9987 | D:6      | Reached skill level 5 in Fighting
 10286 | D:6      | Learned a level 3 spell: Dazzling Flash
 10298 | D:6      | Reached skill level 5 in Stealth
 10670 | D:7      | Found a flagged portal.
 10676 | D:7      | Reached skill level 1 in Hexes
 10702 | Bailey   | Entered a bailey
 10766 | Bailey   | Reached XP level 10. HP: 67/74 MP: 16/18
 10785 | Bailey   | Reached skill level 5 in Armour
 10910 | Bailey   | Noticed Prince Ribbit
 10927 | Bailey   | Noticed a vault guard
 10929 | Bailey   | Killed Prince Ribbit
 10954 | Bailey   | Killed a vault guard
 11206 | Bailey   | Noticed a vault guard
 11245 | Bailey   | Killed a vault guard
 11246 | Bailey   | Reached skill level 5 in Throwing
 11246 | Bailey   | Reached skill level 8 in Ice Magic
 11711 | D:7      | Found a burning altar of Makhleb.
 11712 | D:7      | Noticed a tengu warrior
 11713 | D:7      | Found a basalt altar of Yredelemnul.
 11717 | D:7      | Found a transporter.
 11765 | D:7      | Found Cyupinen's Distillery.
 11858 | D:7      | Bought a potion of curing for 45 gold pieces
 11858 | D:7      | Bought a potion of curing for 45 gold pieces
 11858 | D:7      | Bought 2 potions of heal wounds for 150 gold pieces
 11938 | D:7      | Found a transporter.
 12928 | D:8      | Reached skill level 1 in Evocations
 12928 | D:8      | Reached XP level 11. HP: 53/82 MP: 11/20
 13184 | D:8      | Reached skill level 5 in Conjurations
 13646 | D:9      | Noticed a two-headed ogre
 13660 | D:8      | Killed a two-headed ogre
 13893 | D:9      | Noticed a two-headed ogre
 13923 | D:8      | HP: 3/83 [wyvern (8)]
 13924 | D:8      | Mangled by a wyvern

Illustrated notes

Levels and vault maps discovered:
D:1:      lightli_arrival_isolated_outpost, layout_basic,
          minmay_misc_feat_encased, minmay_stone_trees_small,
          chequers_serial_rivers_small_b, serial_bayou_lagoon_a,
          dreamdust_princess_corridor
D:2:      layout_basic, eino_tiny_chamber,
          nicolae_concentric_dashed_squares_mild,
          chequers_serial_rivers_small_b, uniq_sigmund
D:3:      layout_basic, uniq_robin
D:4:      minmay_goblin_kobold_castle, layout_basic, lemuel_tele_altar,
          gammafunk_ghost_smash, uniq_pikel
D:5:      layout_basic, nicolae_overflow_crystal_walls,
          minmay_temple_entry_wispy
D:6:      kennysheep_kobold_camp, layout_cave_pools, serial_gnoll_camp,
          grums_kennel, gnoll_camp_mini_house, gnoll_camp_medium_02,
          gnoll_camp_mini_basic, gnoll_camp_mini_loothouse,
          nrook_mini_backslash, minmay_fire_ice_demons
D:7:      layout_basic, gammafunk_temple_overflow_arena, serial_shops,
          nicolae_shop_hallway_plus, enter_bailey_3,
          hangedman_decor_diamond_cutter
D:8:      layout_rooms
D:9:      wander_kiku_kobolds, layout_cave_pools
Temple:   nicolae_temple_figure_eight

Skill      XL: |  1  2  3  4  5  6  7  8  9 10 11 |
---------------+----------------------------------+-----
Stealth        | 2 3 4 5 6 |  6.1
Ice Magic      | 5 6 7 8 |  8.3
Fighting       | 1 2 3 4 5 6 |  6.5
Short Blades   | 1 |  1.5
Throwing       | 1 2 3 4 5 |  5.5
Dodging        | 3 4 5 6 |  6.5
Spellcasting   | 3 4 5 6 |  6.1
Armour         | 1 2 3 4 5 6 |  6.1
Polearms       | 1 2 |  2.0
Long Blades    | 2 3 4 |  4.9
Conjurations   | 1 2 3 4 5 |  5.1
Hexes          | 1 3 |  3.3
Evocations     | 1 |  1.9

Action                   |  1- 3 |  4- 6 |  7- 9 | 10-12 || total
-------------------------+-------+-------+-------+-------++-------
Melee: Unarmed           |     1 |       |       |       ||     1
       Dagger            |    46 |    43 |    45 |    70 ||   204
       Short sword       |     1 |       |       |       ||     1
       Spear             |       |   107 |   259 |    54 ||   420
       Punch             |       |       |     5 |     2 ||     7
Throw: Stone             |       |     6 |       |       ||     6
       Dart              |       |    17 |    31 |    36 ||    84
       Javelin           |       |     2 |    12 |       ||    14
       Throwing net      |       |       |     2 |     1 ||     3
       Boomerang         |       |       |     1 |     6 ||     7
 Cast: Freeze            |    31 |    14 |    16 |     7 ||    68
       Frozen Ramparts   |       |    11 |    35 |    20 ||    66
       Ozocubu's Armour  |       |     6 |    24 |    18 ||    48
       Hailstorm         |       |       |       |     7 ||     7
       Dazzling Flash    |       |       |       |     2 ||     2
 Abil: Hop               |       |     1 |     3 |     2 ||     6
  Use: Scroll            |     3 |     4 |    11 |     1 ||    19
       Potion            |       |     1 |     4 |     4 ||     9
 Stab: Sleeping          |     3 |     1 |    14 |     5 ||    23
       Distracted        |       |       |     1 |     2 ||     3
Armor: Robe              |    15 |     2 |       |       ||    17
       Leather armour    |       |    29 |   114 |    59 ||   202
Dodge: Dodged            |    56 |   104 |   211 |   144 ||   515

Table legend: (Time is in decaauts)
 A = Elapsed time spent in this place.
 B = Non-inter-level travel time spent in this place.
 C = Inter-level travel time spent in this place.
 D = Time resting spent in this place.
 E = Time spent auto-exploring this place.
 F = Levels seen in this place.
 G = Mean time per level.
                   A        B        C        D        E       F      G
               +--------+--------+--------+--------+--------+-----+--------+
         Total |  15276 |  14530 |    746 |   4403 |   4320 |  11 | 1388.7 |
       Dungeon |  14248 |  13525 |    723 |   3839 |   4320 |   9 | 1583.1 |
        Temple |    107 |     85 |     22 |      0 |      0 |   1 |  107.0 |
        Bailey |    919 |    919 |      0 |    564 |      0 |   1 |  919.0 |
               +--------+--------+--------+--------+--------+-----+--------+

Top non-repeatable levels by time:
     D:4: 2714 daAuts
     D:6: 2242 daAuts
     D:5: 2104 daAuts
     D:3: 1666 daAuts
     D:1: 1610 daAuts
     D:8: 1297 daAuts
     D:2: 1289 daAuts
     D:7: 1191 daAuts
  Bailey: 919 daAuts
     D:9: 131 daAuts
  Temple: 107 daAuts
